[Event "*** SCC Grand Prix: Titled Tuesday Blitz"]
[Site "Chess.com"]
[Date "2020.10.13"]
[Round "7"]
[White "JiiHart"]
[Black "allvim"]
[Result "0-1"]
[WhiteElo "2080"]
[BlackElo "2305"]
[TimeControl "180+1"]
[EndTime "11:16:52 PDT"]
[Termination "allvim won by resignation"]

1. e4 c5 2. Nf3 d6 3. d4 cxd4 4. Nxd4 Nf6 5. Nc3 a6 6. Bg5 e6 7.
f4 Be7 8. Qf3 Qc7 9. O-O-O Nbd7 10. Bd3 b5 11. Rhe1 Bb7 12. Qh3 O-O-O 13. a3 Kb8 14. Nb3 Rc8 15. Kb1 h6 16. Bh4 g5 17. Bf2 gxf4 18. Qf3 Rhg8 19. g3 fxg3 20. Bxg3 Ne5 21. Qe2 Nfd7 22. Bf2 Nxd3 23. Rxd3 Ne5 24. Qe3 Ba8 25. h3 Nxd3 26. cxd3 Bg5 27. Qe2 Bf6 28. d4 Qc4 29. Qd2 Qxb3 30. Rc1 Rg2 31. e5 Bg5 32. Qd3 Bxc1 33. exd6 Rxc3 34. Qxc3 Qxc3 35. bxc3 Rxf2 36. d7 Kc7 37. Kxc1 Kxd7 38. Kd1 Rg2 39. Kc1 Kd6 40. Kd1 Kd5 41. Kc1 Kc4 42.
Kd1 Kd3 43. Kc1 Rd2 0-1

[Event "*** SCC Grand Prix: Titled Tuesday Blitz"]
[Site "Chess.com"]
[Date "2020.10.13"]
[Round "7"]
[White "RaunakSadhwani2005"]
[Black "GiantThresher"]
[Result "0-1"]
[WhiteElo "2949"]
[BlackElo "2857"]
[TimeControl "180+1"]
[EndTime "11:16:54 PDT"]
[Termination "GiantThresher won by resignation"]

1. c4 e6 2. Nf3 d5 3. d4 Nf6 4. g3 c5 5. Bg2 cxd4 6. Nxd4 e5 7.
Nb3 d4 8. O-O Nc6 9. e3 d3 10.
Nc3 Be6 11. Nd2 h5 12. h4 Qd7 13. b3 Bg4 14. Bf3 Bb4 15. Bb2 O-O-O 16. a3 Bxc3 17. Bxc3 Qf5 18. b4 g5 19. b5 Ne7 20. c5 Ned5 21. Bb2 gxh4 22. c6 hxg3 23. fxg3 Qg5 24. Nc4 Rhe8 25. Qa4 Kb8 26. b6 Nxb6 27. c7+ Kxc7 28.
Qxa7 Nxc4 29. Qxb7+ Kd6 30. Qc6+ Ke7 31. Qxc4 Qxe3+ 32.
Kg2 Bxf3+ 33. Rxf3 Qe2+ 34. Rf2 Qe4+ 35. Qxe4 Nxe4 36.
Rff1 Ke6 37. Rae1 f5 38. Rh1 Rc8 0-1

[Event "*** SCC Grand Prix: Titled Tuesday Blitz"]
[Site "Chess.com"]
[Date "2020.10.13"]
[Round "7"]
[White "crescentmoon2411"]
[Black "GianmarcoVaR"]
[Result "1-0"]
[WhiteElo "2811"]
[BlackElo "2604"]
[TimeControl "180+1"]
[EndTime "11:16:56 PDT"]
[Termination "crescentmoon2411 won by resignation"]

1. e4 c6 2. d4 d5 3. exd5 cxd5 4. Bd3 Nc6 5. c3 Qc7 6. Ne2 Bg4 7.
O-O e6 8. Qe1 Bh5 9. Nf4 Nf6 10.
Nxh5 Nxh5 11. g3 Bd6 12. Nd2 Nf6 13. Qe2 O-O 14. f4 a6 15. Nf3 b5 16. a3 Na5 17.
Ne5 Qb7 18. Re1 Rab8 19. g4 Nb3 20. Rb1 Nxc1 21. Rbxc1 a5 22. g5 Bxe5 23. fxe5 Ne8 24. Qh5 g6 25. Qh6 Ng7 26. Re3 Nf5 27. Bxf5 exf5 28. Rh3 Rfe8 29. Qxh7+ Kf8 30. Qh8+ Ke7 31. Qf6+ Kd7 32. Rh7 Re7 33. Rxf7 Re8 34. Qxg6 Kc8 35. Qxf5+ Kb8 36. Rxe7 Qxe7 37. Rf1 Rh8 38. h4 Rxh4 39. Qf8+ Qxf8 40. Rxf8+ Kc7 41. Rf2 Rh7 42. g6 Rg7 43. Rf7+ Rxf7 44. gxf7 Kd7 45. f8=Q 1-0

[Event "*** SCC Grand Prix: Titled Tuesday Blitz"]
[Site "Chess.com"]
[Date "2020.10.13"]
[Round "7"]
[White "novocane"]
[Black "Orest_Vovk"]
[Result "0-1"]
[WhiteElo "2277"]
[BlackElo "2412"]
[TimeControl "180+1"]
[EndTime "11:16:56 PDT"]
[Termination "Orest_Vovk won on time"]

1. d4 e5 2. dxe5 Nc6 3. Nf3 Qe7 4. Nc3 Nxe5 5. e4 Nf6 6. Bg5 c6 7. Qd2 d6 8. O-O-O Be6 9. Nd4 h6 10. Bxf6 Qxf6 11. f4 Nc4 12. Qf2 O-O-O 13. Nxe6 Nxb2 14. Kxb2 fxe6 15. g3 d5 16. e5 Qe7 17. Qxa7 Qb4+ 18.
Kc1 Qxc3 19. Rd3 Qe1+ 20. Kb2 Qb4+ 21. Rb3 Bc5 22. Rxb4 Bxa7 23. Bh3 Rhe8 24. Rb3 Kc7 25. Re1 Bc5 26. Rf3 g6 27. g4 Rf8 28. c3 d4 29. f5 gxf5 30. gxf5 exf5 31. Rxf5 Rxf5 32. Bxf5 dxc3+ 33. Kxc3 b5 34. Re4 Be7 35. h4 Ra8 36. Be6 Rf8 37. Rg4 Kb6 38. Rg7 Bxh4 39. Bb3 Bf2 40.
e6 c5 41. Kd3 Bd4 0-1

[Event "*** SCC Grand Prix: Titled Tuesday Blitz"]
[Site "Chess.com"]
[Date "2020.10.13"]
[Round "7"]
[White "paulrusan"]
[Black "fabianvivasz"]
[Result "1-0"]
[WhiteElo "2232"]
[BlackElo "2333"]
[TimeControl "180+1"]
[EndTime "11:16:56 PDT"]
[Termination "paulrusan won on time"]

1. e4 e5 2. Nf3 Nc6 3. Bc4 Nf6 4. d3 Bc5 5. O-O O-O 6. a4 d5 7. exd5 Nxd5 8. h3 Kh8 9. Re1 Nb6 10. Bb5 f6 11. a5 Nd5 12. a6 Nd4 13. Nxd4 Bxd4 14. c3 Bb6 15. Nd2 bxa6 16. Bc6 Rb8 17. Nc4 Ne7 18.
Bf3 Bf5 19. Be4 Qc8 20. Qf3 Rd8 21. Be3 Bxe4 22. dxe4 Qe6 23. Qe2 Qc6 24. f3 Qb5 25. b4 Bxe3+ 26. Nxe3 Nc6 27. Rxa6 Qxe2 28. Rxe2 Rb6 29.
Ra3 Kg8 30. Nd5 Rb7 31. Ra6 Rd6 32. Rea2 Kf7 33. Kf2 Ke6 34. Ke3 Ne7 35. Nxe7 Rxa6 36. Rxa6+ 1-0

[Event "*** SCC Grand Prix: Titled Tuesday Blitz"]
[Site "Chess.com"]
[Date "2020.10.13"]
[Round "7"]
[White "katchesskat"]
[Black "boasovietica"]
[Result "0-1"]
[WhiteElo "2248"]
[BlackElo "2407"]
[TimeControl "180+1"]
[EndTime "11:16:57 PDT"]
[Termination "boasovietica won on time"]

1. c4 c5 2. Nf3 Nc6 3. a3 g6 4. e3 Bg7 5. d3 a5 6. Nc3 e5 7. h4 h6 8. Be2 Nge7 9. Qc2 d5 10.
cxd5 Nxd5 11. Ne4 b6 12. Rb1 f5 13. Nc3 Nde7 14. b3 Be6 15. Bb2 O-O 16. Nb5 Qd7 17. g3 Rad8 18. Rc1 Bd5 19. Nc3 Be6 20. Nb1 Rf7 21. Nbd2 Rdf8 22. Qb1 e4 23. dxe4 Bxb2 24. Qxb2 fxe4 25. Ne5 Nxe5 26. Qxe5 Rxf2 27. Nxe4 Rxe2+ 28.
Kxe2 Bg4+ 29. Ke1 Qd3 30. Nc3 Rf3 31. Qb8+ Kh7 0-1

[Event "*** SCC Grand Prix: Titled Tuesday Blitz"]
[Site "Chess.com"]
[Date "2020.10.13"]
[Round "7"]
[White "Heineccius"]
[Black "xamax2000"]
[Result "1-0"]
[WhiteElo "2527"]
[BlackElo "2660"]
[TimeControl "180+1"]
[EndTime "11:17:01 PDT"]
[Termination "Heineccius won by resignation"]

1. d4 d5 2. c4 e6 3. Nc3 a6 4. cxd5 exd5 5. Bf4 Nf6 6. e3 c5 7.
Nf3 c4 8. Be2 b5 9. a3 Bb7 10.
O-O Be7 11. Ne5 O-O 12. b3 cxb3 13. Qxb3 Nbd7 14. a4 b4 15. a5 Rc8 16. Na4 Ne4 17. Nxd7 Qxd7 18. Nb6 Qe6 19. Nxc8 Rxc8 20. Rfc1 Nc3 21.
Bf1 h5 22. h3 g5 23. Be5 f6 24.
Bh2 Kf7 25. Rc2 h4 26. Rac1 Qd7 27. Rxc3 Rxc3 28. Rxc3 bxc3 29. Qxc3 Bd8 30. Qb4 Qc6 31. Bd6 Bc8 32. Bc5 Bc7 33. Bb6 Bd6 34. Qb3 f5 35. Be2 Ke6 36. g4 f4 37. exf4 Bxf4 38. Bd3 Kf7 39. Qd1 Qc3 40. Kg2 Bb7 41. Qe2 Qc8 42. Bf5 Qe8 43. Bg6+ 1-0

[Event "*** SCC Grand Prix: Titled Tuesday Blitz"]
[Site "Chess.com"]
[Date "2020.10.13"]
[Round "7"]
[White "QuintilianoR"]
[Black "lucachess49"]
[Result "1-0"]
[WhiteElo "2621"]
[BlackElo "2405"]
[TimeControl "180+1"]
[EndTime "11:17:01 PDT"]
[Termination "QuintilianoR won on time"]

1. d4 Nf6 2. c4 e6 3. Nf3 a6 4.
e3 d5 5. Nc3 c5 6. cxd5 exd5 7.
Be2 Nc6 8. O-O Bg4 9. dxc5 Bxc5 10. h3 Be6 11. b3 O-O 12. Bb2 Qa5 13. a3 Qc7 14. b4 Be7 15. Rc1 Rfd8 16. Nd4 Rac8 17.
Na4 Ne4 18. Nxc6 bxc6 19. Bxa6 Ra8 20. Be2 Bh4 21. Nc5 Bxh3 22. gxh3 Bxf2+ 23. Rxf2 Nxf2 24. Kxf2 Qh2+ 25. Ke1 Re8 26. Qd4 f6 27. Kd2 Rad8 28.
Nd3 Re4 29. Qb6 Rde8 30. Bd4 f5 31. Rxc6 f4 32. Qc5 fxe3+ 33. Kd1 Qg1+ 34. Ne1 Rf4 35. Qxd5+ Kh8 36. Qe5 1-0

[Event "*** SCC Grand Prix: Titled Tuesday Blitz"]
[Site "Chess.com"]
[Date "2020.10.13"]
[Round "7"]
[White "brunomorado"]
[Black "Semen16"]
[Result "0-1"]
[WhiteElo "2309"]
[BlackElo "2471"]
[TimeControl "180+1"]
[EndTime "11:17:02 PDT"]
[Termination "Semen16 won by checkmate"]

1. d4 d5 2. Nc3 Nf6 3. Bg5 c6 4. Qd3 g6 5. e4 dxe4 6. Nxe4 Nxe4 7. Qxe4 Bf5 8. Qe5 f6 9. Bxf6 Nd7 10.
Bxh8 Nxe5 11. Bxe5 Bxc2 12. Nf3 Qa5+ 13. Nd2 Bh6 14. f4 O-O-O 15. a3 Qd5 16. Kf2 e6 17. Bc4 Qd7 18. Rac1 Bf5 19. g4 Bxg4 20. Ne4 Qe7 21. Bf6 Qf7 22. Rhg1 Bg7 23. Rxg4 Bxf6 24. Rd1 h5 25.
Rg2 Bxd4+ 26. Kf3 c5 27. Ng5 Qf6 28. Nxe6 Rd6 29. Re2 a6 30. a4 Kb8 31. a5 Qf5 32.
Ng5 Rd8 33. h3 Rf8 34. Ne6 Qxh3+ 35. Ke4 Qf5+ 36. Kf3 Qg4+ 37. Ke4 Rf5 38. Rdd2 g5 39. Rg2 Rxf4+ 40. Nxf4 Qxf4+ 41. Kd5 Qe5# 0-1

[Event "*** SCC Grand Prix: Titled Tuesday Blitz"]
[Site "Chess.com"]
[Date "2020.10.13"]
[Round "7"]
[White "Morshynska"]
[Black "Kapibara_Warri0r"]
[Result "1-0"]
[WhiteElo "2243"]
[BlackElo "2082"]
[TimeControl "180+1"]
[EndTime "11:17:02 PDT"]
[Termination "Morshynska won on time"]

1. Nf3 Nf6 2. g3 g6 3. Bg2 Bg7 4. O-O O-O 5. d4 d6 6. b3 c5 7.
Bb2 Nbd7 8. d5 a5 9. a4 Nb6 10. c4 e6 11. dxe6 Bxe6 12. Ng5 Qc7 13. Nxe6 fxe6 14. Nc3 Rad8 15. Qd2 Nc8 16. Nb5 Qb6 17.
Bc3 Qa6 18. Bxa5 b6 19. Bc3 Rf7 20. a5 bxa5 21. Rxa5 Qb6 22. Rfa1 d5 23. Qc1 Ne8 24. Ra6 Qb7 25. Rxe6 Bxc3 26. Qxc3 Qd7 27. Bxd5 Ne7 28. e4 Nxd5 29. exd5 Nc7 30. Nxc7 Qxc7 31. Rae1 Rdf8 32. d6 Qc6 33. f4 g5 34. Rf1 gxf4 35. Rxf4 Rxf4 36.
gxf4 Qd7 37. Qe5 1-0

[Event "*** SCC Grand Prix: Titled Tuesday Blitz"]
[Site "Chess.com"]
[Date "2020.10.13"]
[Round "7"]
[White "Jospem"]
[Black "TigrVShlyape"]
[Result "0-1"]
[WhiteElo "2934"]
[BlackElo "2855"]
[TimeControl "180+1"]
[EndTime "11:17:03 PDT"]
[Termination "TigrVShlyape won on time"]

1. e4 g6 2. d4 Bg7 3. Nf3 d6 4.
Bc4 Nf6 5. Qe2 Nc6 6. h3 O-O 7.
O-O d5 8. exd5 Nxd5 9. c3 Qd6 10. Nbd2 Bf5 11. Ne4 Bxe4 12. Qxe4 e6 13. Bg5 Nce7 14.
Rfe1 Rab8 15. Bb3 b5 16. Rad1 h6 17. Bc1 a5 18. a3 c5 19. Ne5 c4 20. Bc2 b4 21. axb4 axb4 22. Bd2 bxc3 23. bxc3 Qc7 24. h4 h5 25. g4 hxg4 26. Nxg4 Nf5 27. h5 gxh5 28. Ne5 Rb2 29. Rc1 Ra8 30. Kh1 Raa2 31. Rg1 Nf6 32. Qf4 Rxc2 33. Rxg7+ Nxg7 34. Rg1 Qb7+ 35.
Rg2 Ne8 36. Be3 Qb1+ 37. Kh2 f6 38. Ng6 Ra1 39. Qh6 Qh1+ 40. Kg3 Rg1 41. Qh8+ Kf7 42.
Qf8+ Kxg6 43. Kf3+ Qxg2+ 0-1

[Event "*** SCC Grand Prix: Titled Tuesday Blitz"]
[Site "Chess.com"]
[Date "2020.10.13"]
[Round "7"]
[White "Kildepiotr"]
[Black "ThePatrick27"]
[Result "1-0"]
[WhiteElo "2660"]
[BlackElo "2533"]
[TimeControl "180+1"]
[EndTime "11:17:04 PDT"]
[Termination "Kildepiotr won by resignation"]

1. Nf3 Nf6 2. g3 g6 3. Bg2 Bg7 4. O-O O-O 5. d4 d6 6. Nbd2 Nc6 7. e4 e5 8. dxe5 dxe5 9. c3 Qd3 10. Re1 Rd8 11. Bf1 Qd6 12. Qc2 Bg4 13. Nc4 Qe7 14.
Nfd2 h5 15. b4 a6 16. Ne3 Be6 17. a4 h4 18. Ndc4 hxg3 19. hxg3 Ng4 20. Bg2 Nf6 21. Bd2 Rd7 22. b5 axb5 23. axb5 Rxa1 24. Rxa1 Nd8 25. Nxe5 Rd6 26. N3c4 Bxc4 27. Nxc4 Re6 28. e5 Ng4 29. Bh3 Nxe5 30. Bxe6 Nf3+ 31. Kg2 Qxe6 32. Qd3 Nh4+ 33. gxh4 Qg4+ 34. Kf1 Ne6 35. Be3 Qxh4 36. Ke2 Qg4+ 37.
Kd2 Qf3 38. Kc2 b6 39. Nd2 Qh5 40. Ra8+ Kh7 41. Qc4 Qf5+ 42. Kb2 Qh3 43. Qd5 Bh6 44. Ra1 Bxe3 45. Rh1 1-0

[Event "*** SCC Grand Prix: Titled Tuesday Blitz"]
[Site "Chess.com"]
[Date "2020.10.13"]
[Round "7"]
[White "Lagmantr"]
[Black "MatyChess1"]
[Result "1-0"]
[WhiteElo "2729"]
[BlackElo "2574"]
[TimeControl "180+1"]
[EndTime "11:17:05 PDT"]
[Termination "Lagmantr won by resignation"]

1. Nf3 d5 2. c4 d4 3. b4 g5 4.
Bb2 Bg7 5. Nxg5 e5 6. Ne4 f5 7.
Nc5 b6 8. Qa4+ c6 9. Nd3 Ne7 10. g3 O-O 11. Bg2 Be6 12. Na3 Ng6 13. b5 cxb5 14. Nxb5 e4 15. Nf4 Nxf4 16. gxf4 a6 17.
Rg1 Nc6 18. Na3 Qc7 19. d3 b5 20. cxb5 axb5 21. Nxb5 Qb6 22. Qc2 Qxb5 23. dxe4 Nb4 24. Qd2 Rfc8 25. exf5 Bd5 26. Bxd5+ Nxd5 27. Qxd4 Qb4+ 28.
Qxb4 Nxb4 29. Rxg7+ Kf8 30. Kf1 Rc2 31. Be5 Nc6 32. Rxh7 Ra5 33. Rb1 Raxa2 34. Rh8+ Kf7 35. Rb7+ Ne7 36. f6 1-0

[Event "*** SCC Grand Prix: Titled Tuesday Blitz"]
[Site "Chess.com"]
[Date "2020.10.13"]
[Round "7"]
[White "AlexeiShirov"]
[Black "AIROPITO7"]
[Result "1-0"]
[WhiteElo "2826"]
[BlackElo "2548"]
[TimeControl "180+1"]
[EndTime "11:17:06 PDT"]
[Termination "AlexeiShirov won by resignation"]

1. e4 e5 2. Nf3 Nc6 3. Bb5 a6 4. Ba4 Nge7 5. c3 g6 6. d4 exd4 7. cxd4 b5 8. Bc2 Bg7 9. d5 Ne5 10. Nxe5 Bxe5 11. Bh6 Bxb2 12. Nd2 Ng8 13. Be3 d6 14.
O-O Bg7 15. a4 Bd7 16. axb5 Bxb5 17. Ba4 Ne7 18. Rb1 O-O 19. Bxb5 axb5 20. Rxb5 Qd7 21. Qb3 h6 22. Rc1 Ra1 23. Rxa1 Bxa1 24. Bxh6 Ra8 25.
Rb8+ Rxb8 26. Qxb8+ Kh7 27. Be3 c6 28. dxc6 Nxc6 29.
Qb5 Qc7 30. g3 Ne5 31. Kg2 Ng4 32. Nc4 Nxe3+ 33. Nxe3 Bd4 34. Qc4 Qa7 35. Ng4 Bg7 36.
Qd5 Qe7 37. h4 Qe6 38. Ne3 Bh6 39. Nc4 Bf8 40. Qxe6 fxe6 41. f4 d5 42. exd5 exd5 43. Ne5 Bc5 44. Kf3 Kg7 45. Kg4 Ba7 46. Nc6 Bc5 47.
h5 gxh5+ 48. Kxh5 d4 49. Ne5 Bd6 50. Nd3 Kf6 51. Kg4 Ke6 52. Kf3 Kd5 53. g4 Kc4 54.
Ke4 Kc3 55. g5 Be7 56. g6 Bf6 57. f5 Bg7 58. Nf4 Kc2 59. Nd5 d3 60. Nb4+ 1-0

[Event "*** SCC Grand Prix: Titled Tuesday Blitz"]
[Site "Chess.com"]
[Date "2020.10.13"]
[Round "7"]
[White "MVM2008"]
[Black "AttilaTurzo"]
[Result "0-1"]
[WhiteElo "2187"]
[BlackElo "2395"]
[TimeControl "180+1"]
[EndTime "11:17:06 PDT"]
[Termination "AttilaTurzo won on time"]

1. e4 c5 2. Nf3 Nc6 3. Bb5 g6 4. O-O Bg7 5. c3 Nf6 6. Re1 O-O 7. d4 cxd4 8. cxd4 d5 9. e5 Ne4 10. Nc3 Nxc3 11. bxc3 Bg4 12. h3 Bxf3 13. Qxf3 e6 14. g3 Rc8 15. h4 a6 16. Bd3 Na5 17. h5 Rxc3 18. h6 Bh8 19. Bd2 Rc6 20. Rab1 b5 21.
a4 bxa4 22. Rb4 Nc4 23. Bxc4 Rxc4 24. Rxc4 dxc4 25. Qg4 Qd5 26. Bg5 c3 27. Qf4 f5 28.
exf6 c2 29. f7+ Rxf7 30. Qb8+ Rf8 31. Qc7 Qxg5 32. Qxc2 Qe7 33. d5 Bf6 34. Rxe6 Qd7 35. Qe4 a3 36. Qd3 a2 37. Qa3 a1=Q+ 0-1

[Event "*** SCC Grand Prix: Titled Tuesday Blitz"]
[Site "Chess.com"]
[Date "2020.10.13"]
[Round "7"]
[White "chessplayer9919"]
[Black "chigorin28"]
[Result "1-0"]
[WhiteElo "2605"]
[BlackElo "2431"]
[TimeControl "180+1"]
[EndTime "11:17:07 PDT"]
[Termination "chessplayer9919 won by resignation"]

1. d4 f5 2. e4 fxe4 3. Nc3 Nf6 4. Bg5 d5 5. Bxf6 exf6 6. Qh5+ g6 7. Qxd5 Qxd5 8. Nxd5 Bd6 9. Nxf6+ Kf7 10. Nxe4 Re8 11.
f3 Bf5 12. Bd3 Nc6 13. c3 Bf4 14. Kf2 Rad8 15. Ne2 Bh6 16. g4 Be6 17. Nc5 Bc8 18. Be4 Rd6 19. h4 b6 20. Nd3 Bg7 21. Ng3 Ba6 22.
Bxc6 Rxc6 23. Nb4 Bb7 24. Nxc6 Bxc6 25. Rhe1 Rf8 26. Ne4 h6 27. Rad1 Bd5 28. b3 b5 29.
Nc5 Rd8 30. Re3 Bf8 31. Rde1 Bd6 32. c4 bxc4 33. bxc4 Ba8 34. Ne6 Rb8 35. d5 Rb2+ 36. R1e2 Rb1 37. Nxc7 Bc5 38. Nxa8 Rb7 39. d6 Rd7 40.
Nc7 Bxe3+ 41. Rxe3 Rxd6 42. Nd5 Ra6 43. a3 g5 44.
hxg5 hxg5 45. Kg3 Kg6 46. c5 Rc6 47. Ne7+ 1-0

[Event "*** SCC Grand Prix: Titled Tuesday Blitz"]
[Site "Chess.com"]
[Date "2020.10.13"]
[Round "7"]
[White "PSvidler"]
[Black "GM_Levan_Pantsulaia"]
[Result "0-1"]
[WhiteElo "2895"]
[BlackElo "2825"]
[TimeControl "180+1"]
[EndTime "11:17:08 PDT"]
[Termination "GM_Levan_Pantsulaia won by resignation"]

1. c4 c5 2. g3 g6 3. Bg2 Bg7 4. Nc3 Nc6 5. b3 Nh6 6. Bb2 Nf5 7. e3 e6 8. Nge2 O-O 9. O-O b6 10.
Na4 Bxb2 11. Nxb2 Bb7 12. Nc3 Qc7 13. Qe2 a6 14. Rac1 Rad8 15. Rfd1 Ne5 16. d4 Bxg2 17.
Kxg2 Qb7+ 18. d5 f6 19. Nd3 Nf7 20. Rb1 Kg7 21. b4 cxb4 22. Rxb4 a5 23. Rb2 Qc7 24. Rc1 Rc8 25. Nb5 Qb7 26. e4 exd5 27. cxd5 Rxc1 28.
Nxc1 N5d6 29. f3 Rc8 30. Nd3 Nxb5 31. Rxb5 Rc3 32. e5 fxe5 33. Nf2 Rc5 34. Ne4 Rxd5 35.
Rb2 Qc6 36. Rc2 Qe6 37. a4 Rd4 38. Qb5 Rb4 39. Qd3 Rxa4 40. Rc7 Rd4 41. Qb5 a4 42. Ra7 Qb3 43. Qe2 a3 44. Ng5 Qb2 0-1

[Event "*** SCC Grand Prix: Titled Tuesday Blitz"]
[Site "Chess.com"]
[Date "2020.10.13"]
[Round "7"]
[White "salomez"]
[Black "KatarinaOstojic"]
[Result "0-1"]
[WhiteElo "2157"]
[BlackElo "2313"]
[TimeControl "180+1"]
[EndTime "11:17:08 PDT"]
[Termination "KatarinaOstojic won on time"]

1. e4 c5 2. Nf3 d6 3. d4 cxd4 4. Nxd4 Nf6 5. Nc3 a6 6. Bc4 e6 7. Bb3 Be7 8. g4 h6 9. f4 b5 10. g5 hxg5 11. fxg5 Nh5 12. O-O Bxg5 13. Qf3 Bf6 14.
Be3 Nd7 15. e5 dxe5 16. Nxe6 fxe6 17. Qxa8 Bg5 18. Qf3 Bxe3+ 19. Qxe3 Nf4 20. Rxf4 Qg5+ 21. Qg3 Qxg3+ 22. hxg3 exf4 23. Ne4 Ke7 24. gxf4 Bb7 25. Re1 Nf6 26. Ng5 Rh1+ 27. Kf2 Rxe1 28. Kxe1 Nd5 29. f5 exf5 30. Kf2 Kf6 31. Nf3 g5 32. c4 bxc4 33. Bxc4 Nb4 34. a3 Nc6 35. Bd5 Nd8 36. Bxb7 Nxb7 37. Nd4 Ke5 38. Nc6+ Ke4 39. b4 f4 0-1

[Event "*** SCC Grand Prix: Titled Tuesday Blitz"]
[Site "Chess.com"]
[Date "2020.10.13"]
[Round "7"]
[White "shrek4life02"]
[Black "anon102030"]
[Result "1-0"]
[WhiteElo "2593"]
[BlackElo "2719"]
[TimeControl "180+1"]
[EndTime "11:17:09 PDT"]
[Termination "shrek4life02 won on time"]

1. d4 Nf6 2. Bf4 d6 3. Nc3 g6 4. f3 Bg7 5. Qd2 Nc6 6. O-O-O h6 7. Kb1 Nh5 8. Be3 e5 9. d5 Ne7 10. g4 Nf6 11. Bf2 e4 12. Bd4 exf3 13. exf3 O-O 14. h4 Nd7 15. Bxg7 Kxg7 16. h5 g5 17. f4 gxf4 18. Qxf4 Ng8 19. Ne4 Ne5 20. g5 f5 21.
gxh6+ Nxh6 22. Ng5 Qf6 23. N1f3 Bd7 24. Bh3 Rae8 25. Rhg1 Neg4 26. Nd4 Kh8 27. Nde6 Bxe6 28.
Nxe6 Rf7 29. Rdf1 Rg8 30. Qc4 c6 31. Qd3 cxd5 32. Nf4 d4 33. Ng6+ Rxg6 34. hxg6 Qxg6 35. Qxd4+ Kh7 36. Bxg4 fxg4 37. Rxf7+ Nxf7 38. Qxa7 Qe4 39. Qf2 Ne5 40. Qh4+ Kg7 41. Qg5+ Qg6 42. Qe7+ Kg8 43. Qxb7 Qe6 44. Qa8+ Kg7 45. Qe4 Kf6 46. Rf1+ Kg5 47. Qf4+ 1-0

[Event "*** SCC Grand Prix: Titled Tuesday Blitz"]
[Site "Chess.com"]
[Date "2020.10.13"]
[Round "7"]
[White "Margarita2907"]
[Black "Kotofeyca"]
[Result "0-1"]
[WhiteElo "2166"]
[BlackElo "2346"]
[TimeControl "180+1"]
[EndTime "11:17:09 PDT"]
[Termination "Kotofeyca won by resignation"]

1. e4 c5 2. Nf3 d6 3. d4 cxd4 4. Nxd4 Nf6 5. Nc3 a6 6. Be2 e5 7.
Nb3 Be7 8. O-O O-O 9. Be3 Be6 10. Qd3 b5 11. Nd5 Bxd5 12. exd5 Nbd7 13. a4 bxa4 14. Rxa4 Nb6 15. Bxb6 Qxb6 16. Rxa6 Rxa6 17. Qxa6 Qxa6 18. Bxa6 Nxd5 19. c3 Rb8 20. Bc4 Nb6 21. Bd3 Na4 22. Bc2 Nxb2 23. Ra1 Rc8 24. Ra2 Nc4 25. Ra7 Kf8 26.
Bd3 g6 27. g3 Nb2 28. Ba6 Rxc3 29. Na5 d5 30. Bb7 d4 31. Nc6 d3 32. Ra8+ Kg7 33.
Nxe7 d2 34. Rd8 d1=Q+ 35. Rxd1 Nxd1 36. Nd5 Rc2 37. Ne3 Nxe3 38. fxe3 f5 39. h4 Rb2 40. Bf3 Kf6 41. Kf1 Ke7 42. h5 g5 43. g4 f4 44.
e4 Kd6 45. Ke1 Kc5 46. Kf1 Kd4 47. Ke1 Ke3 48. Bd1 Rb1 0-1

[Event "*** SCC Grand Prix: Titled Tuesday Blitz"]
[Site "Chess.com"]
[Date "2020.10.13"]
[Round "7"]
[White "Kaua18"]
[Black "davidkalashian"]
[Result "0-1"]
[WhiteElo "2359"]
[BlackElo "2579"]
[TimeControl "180+1"]
[EndTime "11:17:10 PDT"]
[Termination "davidkalashian won on time"]

1. e4 c6 2. d4 g6 3. Nc3 Bg7 4. Bf4 d6 5. h4 h5 6. Nh3 Qb6 7. Be3 Bxh3 8. Rxh3 Qxb2 9. Na4 Qb4+ 10.
c3 Qa5 11. Qc2 Nd7 12. Bg5 Ngf6 13. Re3 Ng4 14. Re2 b5 15. Nb2 Bxd4 16. Bd2 Bg7 17. f3 Nh2 18. Nd1 Nb6 19. Ne3 Qa4 20. Qd3 Nc4 21.
Nxc4 Qxc4 22. Qc2 Qc5 23. Rf2 Nxf1 24. Kxf1 b4 25. Rc1 bxc3 26. Bxc3 Qc4+ 27. Re2 Qxc3 28. Qxc3 Bxc3 29. Rxc3 Kd7 30. Rb2 Rhb8 31. Rbc2 Rb6 32.
Rd3 Rab8 33. e5 Rb1+ 34. Ke2 R1b2 35. Kd2 Rxc2+ 36. Kxc2 Rb5 37. exd6 exd6 38. Ra3 a5 39. Kc3 Kc7 40. Ra4 Kb6 41. Rf4 f5 42. g4 fxg4 43.
fxg4 hxg4 44. Rxg4 Rh5 45. Kb3 d5 46. Kc3 Kb5 47. Kb3 c5 48. a4+ Kc6 49. Rxg6+ Kc7 50. Rg7+ Kd6 51. Rg6+ Ke5 52. Rg4 Rf5 53. Ka3 Rf3+ 54.
Kb2 Rh3 55. Rg5+ Ke4 56. Rg4+ Kd3 57. Rg5 Kc4 58. h5 d4 59. Kc2 Rh2+ 60. Kb1 Kb4 0-1

[Event "*** SCC Grand Prix: Titled Tuesday Blitz"]
[Site "Chess.com"]
[Date "2020.10.13"]
[Round "7"]
[White "Guenplen"]
[Black "VitaliyBernadskiy"]
[Result "1-0"]
[WhiteElo "2868"]
[BlackElo "2746"]
[TimeControl "180+1"]
[EndTime "11:17:12 PDT"]
[Termination "Guenplen won by resignation"]

1. d4 g6 2. Bf4 Bg7 3. Nf3 c5 4. e3 Nf6 5. c3 b6 6. h3 O-O 7.
Nbd2 d6 8. a4 Ba6 9. Bxa6 Nxa6 10. O-O Nc7 11. Re1 a6 12. Qb3 Rb8 13. Bg3 Nd7 14. e4 b5 15. axb5 Nxb5 16. Qa4 cxd4 17. cxd4 a5 18. e5 dxe5 19. dxe5 Nc5 20. Qxa5 Nd3 21.
Qxd8 Rfxd8 22. Reb1 e6 23. Ne4 Nd4 24. Nxd4 Rxd4 25.
Nf6+ Bxf6 26. exf6 Rbd8 27. Bc7 Rc8 28. Ra7 Nb4 29.
Be5 Re4 30. Bd6 Nd5 31. Be7 h5 32. b4 Rc2 33. Ra8+ Kh7 34. Rf8 Ree2 35. Rxf7+ Kh6 36. h4 g5 37. Rg7 gxh4 38. f7 Rxf2 39. f8=Q Rxf8 40.
Bxf8 1-0

[Event "*** SCC Grand Prix: Titled Tuesday Blitz"]
[Site "Chess.com"]
[Date "2020.10.13"]
[Round "7"]
[White "TomiLen"]
[Black "nrvisakh"]
[Result "0-1"]
[WhiteElo "2592"]
[BlackElo "2801"]
[TimeControl "180+1"]
[EndTime "11:17:13 PDT"]
[Termination "nrvisakh won by resignation"]

1. d4 Nf6 2. c4 g6 3. Nc3 Bg7 4.
e4 d6 5. Be2 O-O 6. Bg5 c6 7.
Qd2 e5 8. Nf3 exd4 9. Nxd4 Re8 10. f3 h6 11. Be3 d5 12. exd5 cxd5 13. Bf2 Nc6 14. O-O dxc4 15. Bxc4 Be6 16. Bb5 Nxd4 17. Qxd4 Nd5 18. Qa4 Nxc3 19. bxc3 Re7 20. Bd4 a6 21. Bxg7 Kxg7 22. Be2 b5 23. Qc2 Bf5 24. Qb2 Qb6+ 25. Rf2 Rae8 26. Bf1 Qf6 27. a4 bxa4 28. Rxa4 Re1 29.
Ra1 Bd3 30. Rxe1 Rxe1 31. Qd2 Rxf1+ 32. Rxf1 Bxf1 33. Kxf1 a5 34. c4 a4 35. c5 a3 36.
Ke2 Qa6+ 37. Kf2 Qc4 38. c6 Qxc6 39. Qd4+ Qf6 40. Qa4 Qb2+ 41. Kg3 a2 0-1

[Event "*** SCC Grand Prix: Titled Tuesday Blitz"]
[Site "Chess.com"]
[Date "2020.10.13"]
[Round "7"]
[White "gmpeter008"]
[Black "biostatistician"]
[Result "1-0"]
[WhiteElo "2405"]
[BlackElo "2547"]
[TimeControl "180+1"]
[EndTime "11:17:15 PDT"]
[Termination "gmpeter008 won on time"]

1. d4 Nf6 2. Bf4 d5 3. e3 Bf5 4. Nf3 e6 5. c3 Bd6 6. Nbd2 Bxf4 7. exf4 O-O 8. Be2 Nbd7 9. Ne5 c5 10. O-O h6 11. a4 Rc8 12. a5 cxd4 13. cxd4 Ne4 14.
Nxe4 Bxe4 15. Qb3 Rc7 16. Rfc1 Nf6 17. a6 bxa6 18. Bxa6 Qd6 19. Bf1 Rfc8 20. Rxc7 Qxc7 21. g3 Rb8 22. Qa3 Rb7 23. Qc5 Bf5 24. Rc1 Ne8 25. b4 Qxc5 26. bxc5 Nc7 27. Ra1 f6 28. Nc6 a6 29. Bxa6 Nxa6 30. Rxa6 Bh3 31. Rb6 Rc7 32. f3 Kh7 33. Kf2 Rc8 34. Ra6 Bf5 35. Ke3 Bc2 36. Nb4 Bb3 37. Rxe6 Ra8 38. Ra6 Rb8 39. Rb6 Ra8 40.
Kd2 Ra3 41. Ra6 Ba4 42. c6 1-0